 Dungeon Crawl Stone Soup version 0.28-a0-381-g937acc2988 (webtiles) character file.

Game seed: 14199807665278200396

865 pmoppi the Insei (level 8, -15/40 HPs)
             Began as a Vine Stalker Transmuter on Sept 1, 2021.
             Was an Initiate of the Shining One.
             Demolished by a two-headed ogre (30 damage)
             ... on level 6 of the Dungeon on Sept 2, 2021.
             The game lasted 00:12:35 (5300 turns).

pmoppi the Insei (Vine Stalker Transmuter)          Turns: 5300, Time: 00:12:35

Health: -15/40     AC:  3    Str: 13    XL:     8   Next: 3%
Magic:  0/13       EV: 13    Int: 15    God:    the Shining One [......]
Gold:   187        SH:  0    Dex: 15    Spells: 3/13 levels left

rFire   . . .      SeeInvis .     - Unarmed
rCold   . . .      Faith    .   (no shield)
rNeg    . . .      Spirit   +   a - +0 robe
rPois   .          Reflect  .   (helmet currently unavailable)
rElec   .          Harm     .   q - +0 cloak
rCorr   .          Rampage  .   (no gloves)
Will    +....                   (boots currently unavailable)
Stlth   +.........              (no amulet)
HPRegen 1.13/turn               (no ring)
MPRegen 0.13/turn               (no ring)

@: appendages, glowing
A: horns 2, talons 2, fangs 3, regeneration 1, magic shield, antimagic bite, no
potion heal 2
a: End Transformation, Renounce Religion


You were on level 6 of the Dungeon.
You worshipped the Shining One.
The Shining One was noncommittal.
You had temporarily grown beastly horns and talons.
You visited 2 branches of the dungeon, and saw 7 of its levels.

You collected 187 gold pieces.

Inventory:

Hand Weapons
 c - a +4 short sword
 j - a +1 falchion of electrocution
Armour
 a - a +0 robe (worn)
 q - a +0 cloak (worn)
Jewellery
 m - a ring of resist corrosion
 o - a ring of see invisible
Wands
 i - a wand of flame (29)
 k - a wand of iceblast (10)
Scrolls
 l - 4 scrolls of enchant weapon
Potions
 b - a potion of lignification
 d - 2 potions of brilliance
 e - a potion of ambrosia {unknown}
 h - a potion of degeneration {unknown}
 n - a potion of mutation {unknown}


   Skills:
 + Level 3.2 Fighting
 - Level 3.0 Dodging
 * Level 6.0 Unarmed Combat
 - Level 3.0 Spellcasting
 + Level 4.1 Transmutations
 + Level 2.6 Ice Magic
 + Level 0.0 Poison Magic


You had 3 spell levels left.
You knew the following spells:

 Your Spells              Type           Power      Damage    Failure   Level
a - Beastly Appendage     Tmut           28%        N/A       3%          1
b - Wereblood             Tmut           14%        N/A       5%          2
c - Ice Form              Ice/Tmut       12%        N/A       45%         4
d - Spider Form           Tmut/Pois      4%         N/A       26%         3

Your spell library contained the following spells:

 Spells                   Type           Power      Damage    Failure   Level
 Passwall                 Tmut/Erth      6%         N/A       13%         2
 Animate Skeleton         Necr           4%         N/A       21%         1
 Pain                     Necr           8%         1d4       21%         1
 Swiftness                Air            2%         N/A       52%         3
 Vampiric Draining        Necr           1%         2d6       52%         3
 Animate Dead             Necr           1%         N/A       89%         4
 Invisibility             Hex            1%         N/A       100%        6
 Haunt                    Necr/Summ      1%         N/A       100%        7
 Infestation              Necr           1%         N/A       100%        8


Dungeon Overview and Level Annotations

Branches:
Dungeon (6/15)             Temple (1/1) D:4

Altars:
Ashenzari
Dithmenos
Fedhas
Hepliaklqana
Kikubaaqudgha
Nemelex Xobeh
Okawaru
Qazlal
Ru
Sif Muna
Trog
Wu Jian
Xom
Yredelemnul
Zin
The Shining One

Shops:
D:2 (   D:4 (

Annotations:
D:5 2 transporters, Dittersdorf's ghost, amateur GrFi


Innate Abilities, Weirdness & Mutations

You have temporarily grown beastly horns and talons.
You have razor-sharp teeth.
Your natural rate of healing is unusually fast.
When hurt, damage is shared between your health and your magic reserves.
Your bite disrupts and absorbs the magic of your enemies.
Potions cannot restore your health.


Message History

You hit the two-headed ogre but do no damage.
You bite the two-headed ogre. You drain its power.
You feel invigorated.
The two-headed ogre is lightly wounded.
The two-headed ogre closely misses you. The two-headed ogre misses you.
You punch the two-headed ogre!
The two-headed ogre is moderately wounded.
Your magical contamination has completely faded away.
You hit the two-headed ogre.
The two-headed ogre is moderately wounded.
The two-headed ogre hits you with a +0 giant club!!
The Shining One protects you from harm!
The two-headed ogre hits you with a +0 giant spiked club.
You barely miss the two-headed ogre.
The two-headed ogre is moderately wounded.
The two-headed ogre barely misses you.
The two-headed ogre hits you with a +0 giant spiked club.
* * * LOW HITPOINT WARNING * * *
There is a stone staircase leading up here.
The two-headed ogre barely misses you. The two-headed ogre closely misses you.
Casting: Beastly Appendage (safe; 3% risk of failure)
Confirm with . or Enter, or press ? or * to list all spells.
You grow a pair of large bovine horns.
Your feet morph into talons.
The two-headed ogre completely misses you.
The two-headed ogre hits you with a +0 giant spiked club!
You hit the two-headed ogre. You bite the two-headed ogre. You drain its power.
You feel invigorated.
The two-headed ogre is moderately wounded.
The two-headed ogre closely misses you. The two-headed ogre misses you.
You hit the two-headed ogre.
The two-headed ogre is moderately wounded.
You punch the two-headed ogre!
Your headbutt misses the two-headed ogre.
The two-headed ogre is moderately wounded.
The two-headed ogre hits you with a +0 giant club!
The two-headed ogre barely misses you.
You hit the two-headed ogre.
The two-headed ogre is heavily wounded.
The two-headed ogre hits you with a +0 giant club!!
Ouch! That really hurt!
You die...

... #####.#
###..#..#
#.......#
###......#
#........#
###.......#
........<.#######
........@O......#
.###.#..##.....##
...##..#.....#
#.............#
#..............#
#.............$#
.................
........<........
#.......$.........


You could see a two-headed ogre.

Vanquished Creatures
  A black bear (D:4)
  3 necrophages
  2 phantoms (D:4)
  A scorpion (D:4)
  A jelly (D:4)
  Natasha (thrice) (D:3)
  An orc wizard (D:5)
  Robin (D:3)
  5 gnolls
  2 adders (D:2)
  A worm (D:2)
  3 dart slugs
  10 orcs
  4 ball pythons
  3 endoplasms
  4 giant cockroaches
  12 goblins
  7 hobgoblins
  3 jackals (D:1)
  8 kobolds
  4 quokkas
  3 bats
  3 frilled lizards
  4 rats
89 creatures vanquished.

Notes
Turn   | Place    | Note
-------+----------+-------------------------------------------
     0 | D:1      | pmoppi the Vine Stalker Transmuter began the quest for the
                  | Orb.
     0 | D:1      | Reached XP level 1. HP: 9/9 MP: 4/4
   157 | D:1      | Reached skill level 1 in Fighting
   258 | D:1      | Reached XP level 2. HP: 5/14 MP: 3/6
   603 | D:1      | Found a faded altar of an unknown god.
   890 | D:1      | Learned a level 2 spell: Wereblood
   896 | D:1      | Reached XP level 3. HP: 12/18 MP: 3/7
  1619 | D:2      | Found Jypyggan's Weapon Shop.
  1830 | D:2      | Gained mutation: Your natural rate of healing is unusually
                  | fast. [Vine Stalker growth]
  1830 | D:2      | Reached XP level 4. HP: 19/22 MP: 5/8
  2120 | D:2      | Learned a level 4 spell: Ice Form
  2527 | D:3      | Noticed Natasha
  2536 | D:3      | Killed Natasha
  2564 | D:3      | Found a shadowy altar of Dithmenos.
  2621 | D:3      | Noticed Robin
  2635 | D:3      | Reached skill level 4 in Unarmed Combat
  2642 | D:3      | Killed Robin
  2643 | D:3      | Reached XP level 5. HP: 26/26 MP: 8/10
  2865 | D:3      | Noticed Natasha
  2879 | D:3      | Killed Natasha
  3280 | D:3      | Noticed Natasha
  3288 | D:3      | Killed Natasha
  3469 | D:4      | Reached XP level 6. HP: 26/30 MP: 8/11
  3498 | D:4      | Noticed a necrophage
  3513 | D:4      | Killed a necrophage
  3514 | D:4      | Reached skill level 1 in Ice Magic
  3781 | D:4      | Reached skill level 5 in Unarmed Combat
  3781 | D:4      | Reached XP level 7. HP: 31/35 MP: 12/12
  4045 | D:4      | Found a staircase to the Ecumenical Temple.
  4089 | D:4      | Found Upnap's Antique Weapon Boutique.
  4113 | Temple   | Entered the Ecumenical Temple
  4159 | Temple   | Became a worshipper of the Shining One
  4465 | D:5      | Entered Level 5 of the Dungeon
  4697 | D:5      | Gained mutation: You have razor-sharp teeth. [Vine Stalker
                  | growth]
  4697 | D:5      | Reached XP level 8. HP: 37/40 MP: 6/13
  4703 | D:5      | Reached skill level 6 in Unarmed Combat
  4918 | D:5      | Found a transporter.
  4920 | D:5      | Identified the +10 great mace of Eternal War {protect, rN+
                  | Will+ Str+3 Dex-4}
  4920 | D:5      | Noticed Dittersdorf's ghost (amateur GrFi)
  4922 | D:5      | Found a transporter.
  5011 | D:5      | Learned a level 3 spell: Spider Form
  5263 | D:6      | Noticed a two-headed ogre
  5273 | D:6      | The Shining One protects you from harm!
  5300 | D:6      | Demolished by a two-headed ogre

Illustrated notes

Levels and vault maps discovered:
D:1:      roderic_dead_forest, layout_basic, serial_co_window_serial,
          co_window_paths_a, co_window_of_opportunity_a, co_window_corner_a,
          co_window_corner_a, co_window_of_opportunity_a, co_window_broadway_c,
          co_window_of_opportunity_c, co_window_of_opportunity_c,
          co_window_unsneaky_path_b, glass_columns_b, glass_columns_b,
          shapermc_ecumenical_altar_ellora, minmay_statues_item
D:2:      minmay_alternating_diamond, layout_rooms, serial_shops,
          nicolae_shop_temple_entry_statues_fountains,
          kennysheep_big_empty_room, minmay_pentomino_v2
D:3:      layout_basic, nicolae_dithmenos_through_a_glass_darkly,
          kennysheep_small_spiral, minmay_liquid_box, uniq_natasha, uniq_robin
D:4:      layout_basic, minmay_temple_entry_ruins, serial_shops, shop
D:5:      layout_basic, gammafunk_ghost_smash
D:6:      layout_cave_pools, minitemple, skrybe_limestone_x, minmay_three_doors
Temple:   eino_wide_crystal_templ

Skill      XL: |  1  2  3  4  5  6  7  8 |
---------------+-------------------------+-----
Fighting       | 1 2 3 |  3.2
Dodging        | 2 3 |  3.0
Unarmed Combat | 4 5 6 |  6.0
Spellcasting   | 3 |  3.0
Transmutations | 3 4 |  4.1
Ice Magic      | 1 2 |  2.6

Action                   |  1- 3 |  4- 6 |  7- 9 || total
-------------------------+-------+-------+-------++-------
Melee: Unarmed           |    24 |       |    74 ||    98
       Bite              |    18 |    22 |    25 ||    65
       Headbutt          |     4 |     9 |    10 ||    23
       Short sword       |    46 |   100 |     1 ||   147
       Kick              |     6 |    19 |    19 ||    44
       Punch             |       |     1 |     4 ||     5
 Cast: Beastly Appendage |    11 |    13 |     8 ||    32
       Wereblood         |     6 |     7 |     4 ||    17
  Use: Scroll            |       |     2 |     4 ||     6
 Stab: Sleeping          |     2 |     1 |       ||     3
Armor: Robe              |     8 |    10 |     1 ||    19
Dodge: Dodged            |    43 |    47 |    45 ||   135

Table legend: (Time is in decaauts)
 A = Elapsed time spent in this place.
 B = Non-inter-level travel time spent in this place.
 C = Inter-level travel time spent in this place.
 D = Time resting spent in this place.
 E = Time spent auto-exploring this place.
 F = Levels seen in this place.
 G = Mean time per level.
                   A        B        C        D        E       F      G
               +--------+--------+--------+--------+--------+-----+--------+
         Total |   5308 |   5128 |    180 |    649 |   3636 |   7 |  758.3 |
       Dungeon |   5252 |   5080 |    172 |    649 |   3604 |   6 |  875.3 |
        Temple |     55 |     47 |      8 |      0 |     32 |   1 |   55.0 |
               +--------+--------+--------+--------+--------+-----+--------+

Top non-repeatable levels by time:
     D:1: 1635 daAuts
     D:4: 966 daAuts
     D:3: 925 daAuts
     D:2: 893 daAuts
     D:5: 784 daAuts
  Temple: 55 daAuts
     D:6: 48 daAuts
